 Dungeon Crawl Stone Soup version 0.31-a0-460-g9e667d4245 (webtiles) character file.

Game seed: 5012596600802480824

2032579 Shard1697 the Executioner (level 27, 226/226 HPs)
             Began as a Formicid Delver on Aug 4, 2023.
             Was a High Priest of Okawaru.
             Escaped with the Orb
             ... and 3 runes!
             The game lasted 01:55:58 (46049 turns).

Shard1697 the Executioner (Formicid Delver)        Turns: 46049, Time: 01:55:58

Health: 226/226    AC: 31    Str: 43      XL:     27
Magic:  29/29      EV: 24    Int: 10      God:    Okawaru [*****.]
Gold:   4044       SH: 28    Dex: 25 (26) Spells: 26/26 levels left

rFire   + . .        a - +9 executioner's axe (flame)
rCold   . . .        H - +3 tower shield {rPois}
rNeg    + + +        Q - +8 plate armour "Coigoysu" {rF+}
rPois   +            (helmet unavailable)
rElec   +            x - +2 cloak "Jeapp" {-Cast *Corrode rElec Str+7}
rCorr   +            V - +2 pair of gloves {Str+3}
SInv    +            Z - +1 pair of boots of Duty {rN+ Dex+3}
Will    +++..        b - amulet of Olosatso {Acrobat rN++ Regen+ Int+3}
Stlth   +            k - ring of the Lost Demons {+Blink rN++ Will+ Str+3 Int-2}
HPRegen 1.37/turn    B - ring of Agafet {rCorr EV+5 Dex+4}
MPRegen 0.21/turn

%: no spellcasting, corrode self (3%), acrobat, clarity
@: corroded, studying Unarmed Combat
A: permanent stasis, dig shafts and tunnels, antennae 3, four strong arms, agile
1, clarity, deterioration 1, screaming 1, evolution 1
0: Orb of Zot
}: 3/15 runes: barnacled, abyssal, gossamer
a: Dig, Shaft Self, Renounce Religion, Heroism, Finesse, Duel


You escaped.
You worshipped Okawaru.
Okawaru was extremely pleased with you.
You visited 9 branches of the dungeon, and saw 44 of its levels.
You visited the Abyss 1 time.
You visited 2 bazaars.
You also visited: Volcano.

You collected 6161 gold pieces.
You spent 2117 gold pieces at shops.

Inventory:

Hand Weapons
 a - a +9 executioner's axe of flaming (weapon)
Missiles
 i - 11 throwing nets
 j - 24 silver javelins (quivered)
Armour
 x - the +2 cloak "Jeapp" (worn) {-Cast *Corrode rElec Str+7}
   (Okawaru gifted it to you on level 5 of the Realm of Zot)

   Str:       It affects your strength (+7).
   rElec:     It insulates you from electricity.
   -Cast:     It prevents spellcasting.
   *Corrode:  It may corrode you when you take damage.
 H - a +3 tower shield of poison resistance (worn)
 J - the +1 cloak of Card Tricks {Str+2 Int-3 Dex+5 SInv}
   (Okawaru gifted it to you on level 1 of the Lair of Beasts)

   Str:       It affects your strength (+2).
   Int:       It affects your intelligence (-3).
   Dex:       It affects your dexterity (+5).
   SInv:      It lets you see invisible.
 L - a scarf of resistance
 Q - the +8 plate armour "Coigoysu" (worn) {rF+}
   (You found it on level 5 of the Lair of Beasts)

   rF:        It protects you from fire.
 T - the +7 Kryia's mail coat {PotionHeal*2 rC+}
   (Okawaru gifted it to you on level 1 of the Vaults)

   PotionHeal*2: Potions heal its wearer twice as much.
   rC:        It protects you from cold.
 U - a +2 cloak of willpower
 V - a +2 pair of gloves of strength (worn)
 Z - the +1 pair of boots of Duty (worn) {rN+ Dex+3}
   (You found it on level 4 of the Vaults)

   Dex:       It affects your dexterity (+3).
   rN:        It protects you from negative energy.
Jewellery
 b - the amulet of Olosatso (around neck) {Acrobat rN++ Regen+ Int+3}
   (You found it on level 3 of the Depths)

   [amulet of the acrobat]

   It increases your evasion while moving and waiting.
   Int:       It affects your intelligence (+3).
   rN:        It greatly protects you from negative energy.
   Regen:     It increases your rate of health regeneration.
 k - the ring of the Lost Demons (left hand) {+Blink rN++ Will+ Str+3 Int-2}
   (You found it on level 3 of the Dungeon)

   [ring of willpower]

   Str:       It affects your strength (+3).
   Int:       It affects your intelligence (-2).
   rN:        It greatly protects you from negative energy.
   +Blink:    It lets you blink.
   Will:      It increases your willpower.
 m - the amulet "Cimuupea" {Faith Str+2}
   (You acquired it on level 2 of the Depths)

   [amulet of faith]

   It allows you to gain divine favour quickly.
   Str:       It affects your strength (+2).
 w - a +6 ring of dexterity
 y - a ring of flight
 B - the ring of Agafet (right hand) {rCorr EV+5 Dex+4}
   (You found it on level 2 of the Depths)

   [ring of evasion]

   EV:        It affects your evasion (+5).
   Dex:       It affects your dexterity (+4).
   rCorr:     It protects you from acid and corrosion.
 X - a ring of protection from cold
Wands
 f - a wand of digging (13)
 t - a wand of flame (113)
 C - a wand of roots (47)
 D - a wand of mindburst (21)
 F - a wand of polymorph (20)
 O - a wand of light (7)
Scrolls
 c - 6 scrolls of fog
 p - 2 scrolls of revelation
 r - 6 scrolls of fear
 s - 5 scrolls of vulnerability
 u - 7 scrolls of amnesia
 G - 9 scrolls of poison
 I - 29 scrolls of identify
 N - a scroll of silence
 P - a scroll of enchant weapon
Potions
 d - 6 potions of might
 e - 5 potions of curing
 h - 8 potions of mutation
 l - a potion of enlightenment
 o - 5 potions of lignification
 q - 2 potions of invisibility
 z - 7 potions of ambrosia
 A - 3 potions of magic
 K - 5 potions of attraction
 R - 3 potions of brilliance
 S - 2 potions of cancellation
Miscellaneous
 g - a condenser vane
 v - a lightning rod (4/4)


   Skills:
 - Level 20.6 Fighting
 - Level 24.0 Axes
 + Level 19.0 Throwing
 - Level 16.8 Armour
 - Level 12.1 Dodging
 - Level 15.0 Stealth
 - Level 21.6 Shields
 - Level 8.0 Invocations
 - Level 12.9 Evocations


You had 26 spell levels left.
You didn't know any spells.
Your spell library contained the following spells:

 Spells                   Type           Power      Damage    Failure   Level
 Freeze                   Ice            0%         1d3       83%         1
 Magic Dart               Conj           0%         1d3       83%         1
 Necrotise                Necr           0%         1d4       83%         1
 Shock                    Conj/Air       0%         1d3       83%         1
 Slow                     Hex            0%         N/A       83%         1
 Cigotuvi's Dreadful Rot  Necr/Pois/Air  0%         N/A       92%         2
 Lesser Beckoning         Tloc           0%         N/A       92%         2
 Momentum Strike          Conj/Tloc      0%         3d8       92%         2
 Searing Ray              Conj           0%         2d4       92%         2
 Sublimation of Blood     Necr           0%         N/A       92%         2
 Confusing Touch          Hex            0%         N/A       99%         3
 Frozen Ramparts          Ice            0%         1d1       99%         3
 Hailstorm                Conj/Ice       0%         3d3       99%         3
 Ignite Poison            Fire/Tmut/Pois 0%         N/A       99%         3
 Inner Flame              Hex/Fire       0%         N/A       99%         3
 Vampiric Draining        Necr           0%         2d6       99%         3
 Volatile Blastmotes      Fire/Tloc      0%         2d10      99%         3
 Airstrike                Air            0%         2d(0-16)  100%        4
 Dispel Undead            Necr           0%         3d6       100%        4
 Flame Wave               Conj/Fire      0%         2d4       100%        4
 Fulminant Prism          Conj/Hex       0%         3d5       100%        4
 Iskenderun's Mystic Bla  Conj/Tloc      0%         2d3       100%        4
 Manifold Assault         Tloc           0%         N/A       100%        4
 Passage of Golubria      Tloc           0%         N/A       100%        4
 Petrify                  Tmut/Erth      0%         N/A       100%        4
 Sticky Flame             Conj/Fire      0%         2d3       100%        4
 Agony                    Necr           0%         N/A       100%        5
 Arcjolt                  Conj/Air       0%         1d10      100%        5
 Irradiate                Conj/Tmut      0%         3d11      100%        5
 Silence                  Hex/Air        0%         N/A       100%        5
 Yara's Violent Unravell  Hex/Tmut       0%         3d3       100%        5
 Plasma Beam              Fire/Air       0%         2x1d10    100%        6
 Enfeeble                 Hex            0%         N/A       100%        7
 Ignition                 Fire           0%         3d3       100%        8
 Lehudib's Crystal Spear  Conj/Erth      0%         10d2      100%        8
 Shatter                  Erth           0%         3d5*      100%        9
 Blink                    Tloc           Unusable   N/A       N/A         2
 Swiftness                Air            Unusable   N/A       N/A         3
 Vhi's Electric Charge    Tloc/Air       Unusable   N/A       N/A         3
 Death Channel            Necr           Unusable   N/A       N/A         6

Dungeon Overview and Level Annotations

Branches:
Dungeon (15/15)            Temple (1/1) D:5            Lair (5/5) D:11
 Shoals (4/4) Lair:3       Spider (4/4) Lair:2        Slime (0/5) Lair:4
    Orc (2/2) D:9             Elf (0/3) Orc:2        Vaults (4/5) D:13
  Crypt (0/3) Vaults:2     Depths (4/4) D:15            Zot (5/5) Depths:4
Volcano (visited)

Altars:
Ashenzari
Cheibriados
Dithmenos
Elyvilon
Fedhas
Gozag
Hepliaklqana
Kikubaaqudgha
Makhleb
Nemelex Xobeh
Okawaru
Qazlal
Ru
Sif Muna
Trog
Uskayaw
Vehumet
Wu Jian
Xom
Yredelemnul
Zin
The Shining One
Jiyva

Shops:
D:1 ?   D:3 *   D:9 =   D:10 [   D:13 ?   Orc:2 (?=*   Shoals:2 [:[
Vaults:2 *   Depths:4 =

Portals:
Hell: Depths:1 Depths:2 Depths:3 Depths:4
Abyss: Depths:1 Depths:2 Depths:3 Depths:4
Pandemonium: Orc:2 Depths:1 Depths:2
Ziggurat: Depths:1
Trove: Depths:1 (give 8 scrolls of fog)

Annotations:
Spider:2 2 transporters, wormstring's ghost, journeyman FeCK
Zot:5 1 runed translucent door, benadryl's ghost, veteran MiBe


Innate Abilities, Weirdness & Mutations

You cannot be hasted, slowed, berserked, paralysed or teleported.
You can dig through walls and to a lower floor.
You have a pair of large antennae on your head. (SInv)
Your four strong arms can wield two-handed weapons with a shield.
You are agile. (Dex +4, Str/Int -1)
You possess an exceptional clarity of mind.
Your body sometimes deteriorates upon taking damage.
You occasionally shout uncontrollably at your foes.
You have hidden genetic potential.


Message History

You sense a monster nearby.
(D) Dungeon (T) Temple (L) Lair (A) Shoals (N) Spider Nest (M) Slime Pits (O) Orcish Mines (E) Elven Halls (V) Vaults (C) Crypt (U) Depths (H) Hell (Z) Zot
Where to? (Enter - D:6 @ (x,y), ? - help)
There is a stone staircase leading up here.
You climb upwards.
There is a stone staircase leading down here.
You see here a +0 robe.
There is an escape hatch in the floor here.
There is an escape hatch in the ceiling here.
A mysterious force pulls you upwards. The hatch slams shut behind you.
There is a stone staircase leading up here.
You climb upwards.
There is a stone staircase leading down here.
There is an open door here.
You see here a blade talisman.
You sense a monster nearby.
There is a stone staircase leading up here.
You climb upwards.
There is a stone staircase leading down here.
There is an escape hatch in the ceiling here.
A mysterious force pulls you upwards. The hatch slams shut behind you.
You sense a monster nearby.
There is an entrance to Qianaemu's Magic Scroll Shoppe here.
You see here a potion of degeneration.
A soul eater comes into view.
A demonspawn corrupter, a shadow demon and a demonspawn warmonger come into view.
The demonspawn warmonger is wielding a +2 vampiric battleaxe and wearing a +8 chain mail of ponderousness.
The shadow demon moves out of view.
The demonspawn warmonger moves out of view.
The demonspawn corrupter calls down the wrath of Lugonu upon you.
The entropic weave corrodes you!
The demonspawn warmonger calls upon its god to speed up something.
The demonspawn corrupter calls forth creatures from the Crypt!
The vampire knight points at you and mumbles some strange words.
The vampire knight blinks!
There is a staircase leading out of the dungeon here.
You have escaped!

###.## #.# ####.##.###.
##.#.## #.# #.##.##..
..###.## #.# ####.##..... .##
##.#######.# #........##. ##
##........# #........##. .##
##.#################......#..
..###.##
#.............#.........
##.#.##
#.............#....)>...
##.##
#......@......#.....#### #.#
#.............#.....# #.#
#.............########## #.#
######.8V###### #..... #.#
#...# ######.#### #.# #.>.#
#..........
###.###########3..#
#.#........
..#.#.........#.86#
#.#.##.....
#...).#######.#...#
#.#.##..###


You could see a demonspawn warmonger, a vampire knight (summoned) and a soul
eater.

Vanquished Creatures
  2 dread liches (Zot:5)
  3 orbs of fire (Zot:5)
  Mara (Shoals:3)
  3 ancient liches
  Vv (Depths:4)
  Sojobo (Depths:1)
  Boris (Vaults:2)
  12 Killer Klowns
  Saint Roka (Orc:2)
  2 curse toes (Zot:5)
  Margery (Depths:4)
  Jory (Vaults:2)
  5 bone dragons
  10 golden dragons
  the Enchantress (Depths:2)
  2 electric golems
  2 doom hounds (Depths:4)
  A Hell Sentinel (D:8)
  Rupert (D:15)
  6 liches
  A walking crystal tome (Depths:3)
  17 tentacled monstrosities
  A walking earthen tome (Depths:3)
  27 Orb Guardians
  3 titans
  A walking frostbound tome (Depths:2)
  Grunn (Zot:1)
  7 quicksilver dragons
  A walking divine tome (Depths:3)
  An Executioner (Abyss:4)
  A kraken (Shoals:2)
  3 sphinxes
  12 tentacled starspawn
  Gastronok (D:11)
  6 death cobs
  Kirke (Shoals:3)
  3 tengu reavers
  5 shadow dragons
  10 storm dragons
  2 draconian monks
  5 fire giants
  Ilsuiw (Shoals:3)
  A balrug (D:9)
  7 draconian knights
  7 emperor scorpions (Spider:4)
  7 vault wardens
  4 iron dragons
  10 frost giants
  A draconian shifter (Zot:4)
  A juggernaut zombie (Depths:3)
  7 ghost moths
  4 draconian scorchers
  Louise (Spider:1)
  5 spriggan defenders
  A demonspawn blood saint (D:8)
  2 war gargoyles
  6 draconian stormcallers
  20 ironbound preservers
  4 draconian annihilators
  6 stone giants
  A reaper (Abyss:3)
  A caustic shrike skeleton (Depths:3)
  4 broodmothers
  2 vampire knights
  10 very ugly things
  5 black draconians
  12 green draconians
  6 ironbound thunderhulks
  10 yellow draconians
  A demonspawn black sun (D:8)
  Azrael (D:13)
  8 purple draconians
  9 white draconians
  4 spark wasps
  12 red draconians
  28 dire elephants
  8 merfolk javelineers
  An ettin (shapeshifter) (Depths:4)
  A deep elf death mage (Vaults:1)
  2 blizzard demons
  Josephine (Orc:1)
  8 entropy weavers
  10 merfolk impalers
  Snorg (Orc:1)
  8 fire dragons
  4 ettins
  6 great orbs of eyes
  8 yaktaur captains
  Harold (Lair:2)
  Fannar (Lair:3)
  4 ice dragons
  4 vault guards
  A jorogumo (Spider:3)
  A peacekeeper (Vaults:4)
  A catoblepas (D:15)
  12 spriggan air magi
  4 hydras
  A radroach (Spider:4)
  4 merfolk aquamancers
  Erolcha (D:12)
  4 merfolk avatars
  12 centaur warriors
  12 ironbound frosthearts
  4 two-headed ogres
  3 deep troll shamans
  A naga warrior (Abyss:3)
  5 deep troll earth magi
  3 tengu warriors
  5 boulder beetles
  3 satyrs
  9 death yaks
  8 orc high priests (Orc:2)
  6 demonic crawlers
  6 sun demons
  3 vampire magi
  10 thrashing horrors
  9 spriggan berserkers
  18 hell knights
  4 skeletal warriors
  Lodul (D:13)
  9 wretched stars
  6 skysharks
  3 pharaoh ants
  8 sea snakes
  A goliath frog (shapeshifter) (Depths:2)
  52 deep trolls
  3 fire crabs
  A sun moth (Spider:1)
  A glowing orange brain (shapeshifter) (Depths:2)
  6 iron trolls
  A sea snake (shapeshifter) (Depths:3)
  A deep elf pyromancer (D:14)
  2 spectral wolf spiders (Spider:4)
  7 glowing orange brains
  6 flayed ghosts
  28 harpies
  7 necromancers
  8 orb spiders
  Pikel (D:5)
  7 ironbound convokers
  10 wizards
  5 lindwurms (Vaults:1)
  6 orc knights
  3 phantasmal warriors
  A tengu skeleton (Depths:3)
  14 steelbarb worms
  A shadow dragon zombie (Depths:3)
  31 ugly things
  24 wolf spiders
  6 wolf spider zombies (Spider:4)
  3 orc sorcerers (Orc:2)
  19 manticores
  19 fauns
  2 stone giant zombies (D:15)
  15 cyclopes
  12 moths of wrath
  A worldbinder (Abyss:3)
  5 black mambas
  A guardian serpent (Abyss:3)
  Maurice (D:11)
  3 water nymphs
  15 elephants
  2 apocalypse crabs
  12 vault sentinels
  6 merfolk sirens
  2 orange demons
  2 gargoyles
  A rust devil (Orc:2)
  2 molten gargoyles (Volcano)
  5 torpor snails
  7 smoke demons
  10 cane toads
  2 unseen horrors
  A freezing wraith (Vaults:2)
  4 rime drakes
  4 efreet
  10 komodo dragons
  2 ice devils
  17 yaktaurs
  2 kobold demonologists (D:13)
  7 tengu conjurers
  4 polar bears
  A guardian mummy (D:15)
  42 merfolk
  2 ancient zymes (Abyss:3)
  A silent spectre (Abyss:4)
  9 trolls
  A hellwing (Abyss:3)
  24 tarantellas
  11 hornets
  16 blink frogs
  6 wind drakes
  A tarantella (shapeshifter) (Depths:3)
  2 wolf spider simulacra (Spider:4)
  7 snapping turtles
  19 dream sheep
  10 raiju
  22 culicivoras
  25 jumping spiders
  5 water elementals
  A shadow (Abyss:3)
  4 flying skulls (Abyss:3)
  5 ynoxinuls
  47 slime creatures
  19 spriggans
  An ettin skeleton (D:15)
  10 wyverns
  6 wraiths
  3 basilisks
  3 hogs (Shoals:3)
  10 humans (D:13)
  2 fire bats
  65 yaks
  Eustachio (D:3)
  3 chaos spawn
  4 fire elementals (D:13)
  70 redbacks
  4 steam dragons
  7 vampire mosquitoes
  7 neqoxecs
  A glowing shapeshifter zombie (D:15)
  2 nagas (Abyss:3)
  4 wargs
  15 water moccasins
  An acid dragon (D:11)
  A floating eye (Depths:2)
  20 large abominations
  6 hell hounds
  25 orc warriors
  2 ice beasts
  10 boggarts
  7 black bears
  An ettin simulacrum (Abyss:3)
  7 centaurs
  14 small abominations
  13 ogres
  25 starcursed masses
  39 wolves
  3 lemures (D:5)
  2 phantoms (D:6)
  2 kobold brigands
  14 bullfrogs
  2 earth elementals (Abyss:3)
  5 scorpions
  A water moccasin zombie (D:5)
  10 wights
  4 howler monkeys
  4 electric eels
  A bullfrog zombie (D:5)
  8 lava snakes
  2 quasits
  A jelly (D:6)
  21 orc priests
  4 hounds
  An iron imp (Abyss:4)
  2 sleepcaps
  2 iguanas
  19 orc wizards
  A scorpion zombie (D:5)
  4 hell rats (Lair:2)
  2 hound zombies (D:5)
  3 gnolls (D:5)
  7 adders
  7 river rats
  3 white imps
  2 ufetubi
  An adder zombie (D:5)
  5 worms
  3 dart slugs (D:3)
  62 orcs
  7 endoplasms
  7 giant cockroaches
  6 goblins
  7 hobgoblins
  8 jackals
  3 quokkas
  12 ball pythons
  11 bats
  6 frilled lizards
  16 kobolds
  21 rats
  A lurking horror (Abyss:4)
  8 starspawn tentacles
  3 tentacles (Shoals:2)
2044 creatures vanquished.

Vanquished Creatures (others)
  A deep troll (Depths:2)
  A manticore (Shoals:3)
  A dream sheep (Shoals:3)
  A kobold (D:13)
  13 starspawn tentacles
  6 tentacles (Shoals:2)
23 creatures vanquished.

Grand Total: 2067 creatures vanquished

Notes
Turn   | Place    | Note
-------+----------+-------------------------------------------
     0 | D:5      | Shard1697 the Formicid Delver began the quest for the Orb.
     0 | D:5      | Reached XP level 1. HP: 18/18 MP: 1/1
     0 | D:5      | Noticed a lemure
    34 | D:4      | Noticed an orc wizard
   265 | D:3      | Reached XP level 2. HP: 24/24 MP: 2/2
   310 | D:3      | Found an opulent altar of Gozag.
   316 | D:3      | Found Gozag's Platinum Reserve.
   343 | D:3      | Reached skill level 3 in Axes
   343 | D:3      | Reached XP level 3. HP: 26/29 MP: 3/3
   356 | D:3      | Reached skill level 4 in Axes
   356 | D:3      | Reached XP level 4. HP: 26/35 MP: 4/4
   975 | D:3      | Identified the ring of the Lost Demons {+Blink rN++ Will+
                  | Str+3 Int-2}
   992 | D:3      | Reached XP level 5. HP: 39/41 MP: 5/5
  1086 | D:4      | Reached skill level 5 in Axes
  1144 | D:5      | Found a staircase to the Ecumenical Temple.
  1147 | D:5      | Noticed an ogre
  2278 | D:1      | Reached XP level 6. HP: 47/47 MP: 6/6
  2622 | D:1      | Found Qianaemu's Magic Scroll Shoppe.
  2646 | D:1      | Bought a scroll of enchant armour for 97 gold pieces
  2868 | D:1      | Reached skill level 6 in Axes
  3249 | D:5      | Noticed an ice beast
  3281 | D:4      | Noticed Eustachio
  3409 | D:3      | Killed Eustachio
  3410 | D:3      | Reached skill level 7 in Axes
  3410 | D:3      | Reached XP level 7. HP: 49/52 MP: 7/7
  4004 | Temple   | Entered the Ecumenical Temple
  4012 | Temple   | Became a worshipper of Warmaster Okawaru
  4123 | D:5      | Noticed Pikel
  4140 | D:5      | Killed Pikel
  4140 | D:5      | Reached * piety under Okawaru
  4141 | D:5      | Reached skill level 8 in Axes
  4141 | D:5      | Reached XP level 8. HP: 52/64 MP: 8/8
  4610 | D:5      | Reached skill level 9 in Axes
  4611 | D:5      | Found a basalt altar of Yredelemnul.
  4655 | D:5      | Reached skill level 1 in Invocations
  4664 | D:5      | Reached XP level 9. HP: 71/71 MP: 9/9
  4691 | D:5      | Reached ** piety under Okawaru
  5609 | D:6      | Found a shimmering blue altar of Sif Muna.
  5634 | D:6      | Identified a scroll of acquirement
  5634 | D:6      | Acquired a +3 executioner's axe of flaming
  5813 | D:7      | Reached skill level 10 in Axes
  6010 | D:7      | Reached *** piety under Okawaru
  7000 | D:8      | Noticed an efreet
  7010 | D:8      | Killed an efreet
  7011 | D:8      | Reached XP level 10. HP: 55/82 MP: 11/13
  7025 | D:8      | Noticed a cyclops
  7049 | D:8      | Killed a cyclops
  7083 | D:8      | Noticed a two-headed ogre
  7090 | D:8      | Killed a two-headed ogre
  7090 | D:8      | Reached **** piety under Okawaru
  7091 | D:8      | Reached skill level 11 in Axes
  7091 | D:8      | Reached skill level 5 in Invocations
  7141 | D:8      | Reached skill level 10 in Fighting
  7239 | D:8      | Reached skill level 1 in Armour
  7280 | D:8      | Reached ***** piety under Okawaru
  7608 | D:9      | Found Gukhoh's Jewellery Emporium.
  7654 | D:9      | Noticed a brown ugly thing
  7692 | D:9      | Found a staircase to the Orcish Mines.
  7766 | D:9      | Reached XP level 11. HP: 66/89 MP: 15/15
  8058 | D:9      | Found an ancient bone altar of Kikubaaqudgha.
  8101 | D:9      | Killed a brown ugly thing
  8102 | D:9      | Reached skill level 12 in Axes
  8278 | D:10     | Entered Level 10 of the Dungeon
  8341 | D:10     | Reached skill level 5 in Armour
  8397 | D:10     | Received a gift from Okawaru
  8503 | D:10     | Found Quosko's Armour Shoppe.
  9068 | D:11     | Noticed a two-headed ogre
  9079 | D:11     | Killed a two-headed ogre
  9162 | D:11     | Noticed a white ugly thing
  9167 | D:11     | Killed a white ugly thing
  9255 | D:11     | Noticed a cyclops
  9264 | D:11     | Killed a cyclops
  9339 | D:11     | Reached skill level 13 in Axes
  9635 | D:1      | Bought a scroll of enchant armour for 97 gold pieces
  9635 | D:1      | Bought a scroll of fog for 52 gold pieces
  9635 | D:1      | Bought a scroll of revelation for 97 gold pieces
  9635 | D:1      | Bought a scroll of identify for 26 gold pieces
  9635 | D:1      | Bought a scroll of identify for 26 gold pieces
  9917 | D:11     | Reached XP level 12. HP: 95/97 MP: 18/18
  9942 | D:11     | Noticed Gastronok
  9960 | D:11     | Received a gift from Okawaru
 10155 | D:11     | Noticed Maurice
 10162 | D:11     | Killed Maurice
 10163 | D:11     | Reached skill level 1 in Shields
 10209 | D:11     | Found a staircase to the Lair.
 10400 | D:11     | Killed Gastronok
 10401 | D:11     | Reached skill level 5 in Shields
 10587 | D:11     | Noticed a two-headed ogre
 10593 | D:11     | Killed a two-headed ogre
 10659 | Lair:1   | Entered Level 1 of the Lair of Beasts
 10683 | Lair:1   | Reached skill level 14 in Axes
 11115 | Lair:1   | Identified the +1 cloak of Card Tricks {Str+2 Int-3 Dex+5
                  | SInv} (Okawaru gifted it to you on level 1 of the Lair of
                  | Beasts)
 11115 | Lair:1   | Received a gift from Okawaru
 11128 | Lair:1   | Reached XP level 13. HP: 97/103 MP: 19/19
 11611 | Lair:2   | Reached skill level 15 in Axes
 11612 | Lair:2   | Reached skill level 10 in Shields
 11649 | Lair:2   | Found a dark tunnel.
 11654 | Volcano  | Entered a volcano
 11866 | Volcano  | Found a bloodstained altar of Trog.
 12176 | Lair:2   | Noticed Harold
 12186 | Lair:2   | Killed Harold
 12239 | Lair:2   | Reached ****** piety under Okawaru
 12263 | Lair:2   | Received a gift from Okawaru
 12308 | Lair:2   | Found a hole to the Spider Nest.
 12308 | Lair:2   | Noticed a six-headed hydra
 12315 | Lair:2   | Killed a four-headed hydra
 12591 | Lair:2   | Reached XP level 14. HP: 111/111 MP: 20/20
 12799 | Lair:3   | Reached skill level 16 in Axes
 12827 | Lair:3   | Noticed Fannar
 12836 | Lair:3   | Killed Fannar
 13067 | Lair:3   | Identified the +4 scale mail of the Fuzzy God {rN+ Regen+
                  | Dex-3} (Okawaru gifted it to you on level 3 of the Lair of
                  | Beasts)
 13067 | Lair:3   | Received a gift from Okawaru
 13275 | Lair:3   | Found a staircase to the Shoals.
 13796 | Lair:4   | Found a viscous altar of Jiyva.
 13797 | Lair:4   | Found a staircase to the Slime Pits.
 14439 | Lair:5   | Entered Level 5 of the Lair of Beasts
 14455 | Lair:5   | Reached skill level 10 in Armour
 14672 | Lair:5   | Reached skill level 17 in Axes
 14755 | Lair:5   | Identified the +1 battleaxe of Hacking and Slashing {heavy,
                  | rElec Str+6 Dex-5} (Okawaru gifted it to you on level 5 of
                  | the Lair of Beasts)
 14755 | Lair:5   | Received a gift from Okawaru
 14813 | Lair:5   | Reached XP level 15. HP: 118/120 MP: 21/21
 15009 | Lair:5   | Received a gift from Okawaru
 15483 | Lair:5   | Identified the +8 plate armour "Coigoysu" {rF+}
 15879 | D:12     | Noticed Erolcha
 15888 | D:12     | Killed Erolcha
 15918 | D:12     | Found a burning altar of Makhleb.
 16045 | D:12     | Reached skill level 18 in Axes
 16232 | D:12     | Identified the +2 lajatang of a wizard's laboratory
                  | {freeze, Will- Int+8} (Okawaru gifted it to you on level 12
                  | of the Dungeon)
 16232 | D:12     | Received a gift from Okawaru
 16259 | D:12     | Reached skill level 5 in Dodging
 16309 | D:12     | Identified the +8 plate armour of Makhleb's Displeasure
                  | {Str+7}
 16795 | D:13     | Noticed Lodul
 16806 | D:13     | Killed Lodul
 16977 | D:13     | Reached XP level 16. HP: 130/130 MP: 22/22
 16999 | D:13     | Noticed Azrael
 17013 | D:13     | Killed Azrael
 17022 | D:13     | Identified the +0 broad axe of Ytip {drain, *Corrode rC+
                  | MP+9 Int+6} (Okawaru gifted it to you on level 13 of the
                  | Dungeon)
 17022 | D:13     | Received a gift from Okawaru
 17156 | D:13     | Found a gate to the Vaults.
 17225 | D:13     | Found Xohoh's Magic Scroll Shop.
 18080 | D:15     | Entered Level 15 of the Dungeon
 18201 | D:15     | Received a gift from Okawaru
 18203 | D:15     | Reached skill level 19 in Axes
 18203 | D:15     | Found a staircase to the Depths.
 18293 | D:15     | Identified the +6 leather armour "Oqido" {Int+3}
 18298 | D:15     | Noticed Rupert
 18308 | D:15     | Reached skill level 15 in Shields
 18309 | D:15     | Killed Rupert
 18894 | Spider:1 | Entered Level 1 of the Spider Nest
 18918 | Spider:1 | Reached skill level 1 in Evocations
 19040 | Spider:1 | Received a gift from Okawaru
 19054 | Spider:1 | Reached skill level 5 in Evocations
 19065 | Spider:1 | Noticed Louise
 19076 | Spider:1 | Killed Louise
 19077 | Spider:1 | Reached XP level 17. HP: 138/138 MP: 23/23
 19521 | Spider:2 | Identified the +4 chain mail of the Cockatrice {Dex+3 SInv}
                  | (Okawaru gifted it to you on level 2 of the Spider Nest)
 19521 | Spider:2 | Received a gift from Okawaru
 19763 | Spider:2 | Noticed wormstring's ghost (journeyman FeCK)
 19767 | Spider:2 | Found a transporter.
 20074 | Spider:2 | Found a transporter.
 21337 | Spider:4 | Entered Level 4 of the Spider Nest
 21706 | Spider:3 | Reached skill level 20 in Axes
 21735 | Spider:4 | Received a gift from Okawaru
 21882 | Spider:4 | Reached XP level 18. HP: 147/147 MP: 24/24
 21998 | Spider:4 | Identified the +8 short sword of Ynkar {drain, MP+9}
 22058 | Spider:4 | Reached skill level 10 in Stealth
 22357 | Spider:4 | Got a gossamer rune of Zot
 22599 | Shoals:1 | Entered Level 1 of the Shoals
 22735 | Shoals:1 | Found a hazy altar of Hepliaklqana.
 22956 | Shoals:1 | Received a gift from Okawaru
 23365 | Shoals:2 | Reached skill level 15 in Stealth
 23419 | Shoals:2 | Found Kaeni's Antique Armour Boutique.
 23636 | Shoals:2 | Found Enid's Armour Shoppe.
 23757 | Shoals:2 | Found Jefitiep's Book Boutique.
 23764 | Shoals:2 | Reached XP level 19. HP: 153/153 MP: 25/25
 24076 | Shoals:3 | Noticed Kirke
 24089 | Shoals:3 | Killed Kirke
 24248 | Shoals:3 | Identified the +0 robe "Cecry" {rN+ Archmagi} (Okawaru
                  | gifted it to you on level 3 of the Shoals)
 24248 | Shoals:3 | Received a gift from Okawaru
 24485 | Shoals:3 | Noticed Mara
 24501 | Shoals:3 | Killed Mara
 24502 | Shoals:3 | Reached skill level 15 in Fighting
 24656 | Shoals:3 | Noticed Ilsuiw
 24672 | Shoals:3 | Killed Ilsuiw
 25199 | Shoals:4 | Entered Level 4 of the Shoals
 25317 | Shoals:4 | Reached skill level 21 in Axes
 25383 | Shoals:4 | Found a flickering gateway to a bazaar.
 25390 | Bazaar   | Entered a bazaar
 25394 | Bazaar   | Found Apneoj's General Store.
 25410 | Bazaar   | Found Linaram's Book Emporium.
 25421 | Bazaar   | Found Heatyttyz's Antique Armour Boutique.
 25429 | Bazaar   | Found Ijus's Magic Scroll Boutique.
 25451 | Bazaar   | Found Dufab's Antique Weapon Shop.
 25481 | Bazaar   | Bought a scroll of fear for 44 gold pieces
 25481 | Bazaar   | Bought a scroll of fear for 44 gold pieces
 25481 | Bazaar   | Bought a scroll of fear for 44 gold pieces
 25489 | Bazaar   | Bought a pair of glowing gloves for 172 gold pieces
 25491 | Bazaar   | Bought a polished plate armour for 644 gold pieces
 25491 | Bazaar   | Identified the +5 plate armour of the Devil {Str+3} (You
                  | bought it in a shop in a bazaar)
 25684 | Shoals:4 | Reached XP level 20. HP: 52/163 MP: 21/26
 25811 | Shoals:4 | Got a barnacled rune of Zot
 25997 | Shoals:4 | Identified the +4 rapier "Raqew" {heavy, +Blink rPois
                  | Int+4}
 26513 | Orc:1    | Entered Level 1 of the Orcish Mines
 26513 | Orc:1    | Noticed Josephine
 26523 | Orc:1    | Killed Josephine
 26525 | Orc:1    | Noticed Snorg
 26531 | Orc:1    | Killed Snorg
 26540 | Orc:1    | Noticed Sonja
 26542 | Orc:1    | Sonja changed into Sonja the basilisk
 26542 | Orc:1    | Noticed Sonja
 26546 | Orc:1    | Killed Sonja the basilisk
 26796 | Orc:2    | Entered Level 2 of the Orcish Mines
 27174 | Orc:2    | Noticed Saint Roka
 27197 | Orc:2    | Killed Saint Roka
 27197 | Orc:2    | Received a gift from Okawaru
 27279 | Orc:2    | Found a staircase to the Elven Halls.
 27384 | Orc:2    | Found Vaniap's General Store.
 27385 | Orc:2    | Found Ygrolam's Magic Scroll Emporium.
 27480 | Orc:2    | Bought a scroll of enchant armour for 112 gold pieces
 27636 | Orc:2    | Found Naruiz's Jewellery Shop.
 27636 | Orc:2    | Found Tyoss's Antique Weapon Boutique.
 27637 | Orc:2    | Found a one-way gate leading to the halls of Pandemonium.
 27962 | Vaults:1 | Entered Level 1 of the Vaults
 28059 | Vaults:1 | Reached skill level 10 in Dodging
 28123 | Vaults:1 | Received a gift from Okawaru
 28123 | Vaults:1 | Found the +7 Kryia's mail coat {PotionHeal*2 rC+}
 28323 | Vaults:1 | Reached skill level 22 in Axes
 28550 | Vaults:1 | Reached XP level 21. HP: 96/172 MP: 27/27
 28561 | Vaults:1 | Received a gift from Okawaru
 28664 | Vaults:1 | Identified the +7 shortbow of Dadeost {freeze, Fly rElec
                  | rCorr Str-5}
 29663 | Vaults:2 | Noticed Boris
 29674 | Vaults:2 | Killed Boris
 29848 | Vaults:2 | Found a staircase to the Crypt.
 30210 | Vaults:2 | Received a gift from Okawaru
 30391 | Vaults:2 | Found Ucritesy's Assorted Antiques.
 30552 | Vaults:2 | Reached skill level 23 in Axes
 30678 | Vaults:2 | Noticed Jory
 30695 | Vaults:2 | Killed Jory
 31026 | Vaults:3 | Received a gift from Okawaru
 31027 | Vaults:3 | Reached XP level 22. HP: 143/182 MP: 28/28
 31371 | Vaults:3 | Found a gateway to a bazaar.
 31401 | Bazaar   | Entered a bazaar
 31415 | Bazaar   | Found Iluviyta's Distillery.
 31415 | Bazaar   | Found Hemoy's Antique Armour Emporium.
 31437 | Bazaar   | Found Pysotiaz's Distillery.
 31437 | Bazaar   | Found Sol Bai's Jewellery Emporium.
 31459 | Bazaar   | Found Neturry's Weapon Emporium.
 31505 | Bazaar   | Bought a ring of protection from cold for 200 gold pieces
 31512 | Bazaar   | Bought a potion of mutation for 88 gold pieces
 31512 | Bazaar   | Bought a potion of mutation for 88 gold pieces
 31532 | Bazaar   | Bought a potion of resistance for 130 gold pieces
 31532 | Bazaar   | Bought a potion of might for 52 gold pieces
 31532 | Bazaar   | Bought a potion of mutation for 104 gold pieces
 32906 | Vaults:4 | Identified the +1 pair of boots of Duty {rN+ Dex+3}
 33464 | Depths:1 | Entered Level 1 of the Depths
 33619 | Depths:1 | Found a sparkling altar of Nemelex Xobeh.
 33653 | Depths:1 | Identified the +7 leather armour "Paux Gaf" {rElec Str+3}
 33703 | Depths:1 | Noticed Sojobo
 33735 | Depths:1 | Killed Sojobo
 33735 | Depths:1 | Identified the +9 short sword of Perfectionism {pain, Fly
                  | Int-2 Dex+3} (Okawaru gifted it to you on level 1 of the
                  | Depths)
 33735 | Depths:1 | Received a gift from Okawaru
 33885 | Depths:1 | Found a one-way gate to the infinite horrors of the Abyss.
 33927 | Depths:1 | Found a one-way gateway to a ziggurat.
 33993 | Depths:1 | Found a portal to a secret trove of treasure.
 34113 | Depths:1 | Found a gateway to Hell.
 34535 | Depths:2 | Reached skill level 24 in Axes
 34608 | Depths:1 | Received a gift from Okawaru
 34647 | Depths:2 | Reached XP level 23. HP: 172/190 MP: 29/29
 34921 | Depths:2 | Noticed the Enchantress
 34935 | Depths:2 | Killed the Enchantress
 34955 | Depths:2 | Received a gift from Okawaru
 35322 | Depths:2 | Received a gift from Okawaru
 35789 | Depths:2 | Acquired the amulet "Cimuupea" {Faith Str+2}
 35808 | Depths:2 | Identified the ring of Agafet {rCorr EV+5 Dex+4}
 35862 | Depths:2 | Reached skill level 1 in Throwing
 36479 | Depths:3 | Received a gift from Okawaru
 36610 | Depths:3 | Reached skill level 5 in Throwing
 36670 | Depths:3 | Noticed a golden dragon
 36682 | Depths:3 | Killed a golden dragon
 36737 | Depths:3 | Reached XP level 24. HP: 156/200 MP: 29/29
 36892 | Depths:3 | Received a gift from Okawaru
 37017 | Depths:3 | Identified the amulet of Olosatso {Acrobat rN++ Regen+
                  | Int+3}
 37090 | Depths:3 | Noticed an ancient lich
 37103 | Depths:3 | Killed an ancient lich
 37365 | Depths:4 | Entered Level 4 of the Depths
 37514 | Depths:4 | Noticed Margery
 37535 | Depths:4 | Killed Margery
 37569 | Depths:4 | Got Leda's Guide on the Volcano
 37705 | Depths:4 | Reached skill level 10 in Throwing
 37736 | Depths:4 | Received a gift from Okawaru
 37737 | Depths:4 | Noticed Vv
 37772 | Depths:4 | Killed Vv
 37893 | Depths:4 | Found Bisireu's Jewellery Shop.
 37909 | Depths:4 | Noticed a golden dragon
 37915 | Depths:4 | Killed a golden dragon
 38016 | Depths:4 | Found a gate to the Realm of Zot.
 38361 | Depths:4 | Voluntarily entered the Abyss.
 38398 | Abyss:1  | Reached skill level 10 in Evocations
 38436 | Abyss:2  | Found a corrupted altar of Lugonu.
 38634 | Abyss:3  | Reached skill level 15 in Armour
 38668 | Abyss:3  | Gained mutation: Your spells are a little easier to cast,
                  | but a little less powerful. [a neqoxec]
 38702 | Abyss:3  | Received a gift from Okawaru
 38881 | Abyss:3  | Gained mutation: You are weak. (Str -2) [a neqoxec]
 39154 | Abyss:3  | Reached XP level 25. HP: 209/209 MP: 23/23
 39221 | Abyss:3  | Noticed an ancient lich
 39226 | Abyss:3  | Killed an ancient lich
 39405 | Abyss:4  | Found a corrupted altar of Lugonu.
 39535 | Abyss:4  | Found a corrupted altar of Lugonu.
 39549 | Abyss:4  | Received a gift from Okawaru
 39583 | Abyss:4  | Gained mutation: Your magical capacity is low. (-10% MP) [a
                  | neqoxec]
 39720 | Abyss:4  | Got an abyssal rune of Zot
 39763 | Depths:4 | Escaped the Abyss
 39793 | Depths:4 | Lost mutation: Your spells are a little easier to cast, but
                  | a little less powerful. [potion of mutation]
 39793 | Depths:4 | Lost mutation: You are weak. (Str -2) [potion of mutation]
 39793 | Depths:4 | Lost mutation: Your magical capacity is low. (-10% MP)
                  | [potion of mutation]
 39793 | Depths:4 | Gained mutation: You occasionally shout uncontrollably at
                  | your foes. [potion of mutation]
 39793 | Depths:4 | Gained mutation: You have hidden genetic potential. [potion
                  | of mutation]
 39793 | Depths:4 | Gained mutation: You have great hidden genetic potential.
                  | [potion of mutation]
 39795 | Zot:1    | Entered Level 1 of the Realm of Zot
 39855 | Zot:1    | Noticed Grunn
 40070 | Depths:4 | Identified the +5 ring mail of the Trees {Rampage Str-2
                  | Slay+5} (Okawaru gifted it to you on level 4 of the Depths)
 40070 | Depths:4 | Received a gift from Okawaru
 40089 | Zot:1    | Killed Grunn
 41666 | Zot:2    | Identified the +4 broad axe of Hospitality {venom, Dex+3}
 41990 | Zot:3    | Noticed a Killer Klown
 41993 | Zot:3    | Killed a Killer Klown
 41997 | Zot:3    | Identified the +4 mace "Assurphu" {freeze, rPois Str+2
                  | Int+2}
 42024 | Zot:3    | Noticed a Killer Klown
 42029 | Zot:3    | Reached XP level 26. HP: 202/220 MP: 29/29
 42148 | Zot:3    | Killed a Killer Klown
 42972 | Zot:4    | Received a gift from Okawaru
 43190 | Zot:4    | Gained mutation: Your mind is acute. (Int +4, Str/Dex -1)
                  | [hidden potential]
 43248 | Zot:4    | Identified the +6 hand axe "Ireuna" {chaos, Str+6} (Okawaru
                  | gifted it to you on level 4 of the Realm of Zot)
 43248 | Zot:4    | Received a gift from Okawaru
 43343 | Zot:4    | Identified the +2 plate armour of Asceticism {-Cast +Inv
                  | rElec rPois}
 44016 | Zot:5    | Entered Level 5 of the Realm of Zot
 44142 | Zot:5    | Found a runed translucent door.
 44142 | Zot:5    | Noticed benadryl's ghost (veteran MiBe)
 44194 | Zot:5    | Noticed a curse toe
 44199 | Zot:5    | Killed a curse toe
 44375 | Zot:5    | Identified the +2 cloak of Inference {rCorr Str+3} (Okawaru
                  | gifted it to you on level 5 of the Realm of Zot)
 44375 | Zot:5    | Received a gift from Okawaru
 44400 | Zot:5    | Noticed an orb of fire
 44403 | Zot:5    | Gained mutation: Your body sometimes deteriorates upon
                  | taking damage. [an orb of fire]
 44405 | Zot:5    | Killed an orb of fire
 44414 | Zot:5    | Noticed an orb of fire
 44419 | Zot:5    | Lost mutation: Your mind is acute. (Int +4, Str/Dex -1) [an
                  | orb of fire]
 44421 | Zot:5    | Killed an orb of fire
 44422 | Zot:5    | Reached skill level 15 in Throwing
 44422 | Zot:5    | Noticed an orb of fire
 44422 | Zot:5    | Gained mutation: You are vulnerable to heat. (rF-) [an orb
                  | of fire]
 44424 | Zot:5    | Gained mutation: You are clumsy. (Dex -2) [an orb of fire]
 44426 | Zot:5    | Killed an orb of fire
 44427 | Zot:5    | Lost mutation: You are clumsy. (Dex -2) [potion of
                  | mutation]
 44427 | Zot:5    | Lost mutation: You are vulnerable to heat. (rF-) [potion of
                  | mutation]
 44427 | Zot:5    | Gained mutation: You possess an exceptional clarity of
                  | mind. [potion of mutation]
 44427 | Zot:5    | Noticed a Killer Klown
 44430 | Zot:5    | Killed a Killer Klown
 44430 | Zot:5    | Noticed a Killer Klown
 44433 | Zot:5    | Killed a Killer Klown
 44433 | Zot:5    | Noticed a Killer Klown
 44438 | Zot:5    | Noticed a Killer Klown
 44441 | Zot:5    | Killed a Killer Klown
 44454 | Zot:5    | Killed a Killer Klown
 44455 | Zot:5    | Reached XP level 27. HP: 213/226 MP: 28/29
 44462 | Zot:5    | Noticed an ancient lich
 44470 | Zot:5    | Killed an ancient lich
 44478 | Zot:5    | Noticed a Killer Klown
 44480 | Zot:5    | Noticed a dread lich
 44482 | Zot:5    | Noticed a Killer Klown
 44496 | Zot:5    | Killed a Killer Klown
 44501 | Zot:5    | Killed a dread lich
 44502 | Zot:5    | Noticed a Killer Klown
 44507 | Zot:5    | Killed a Killer Klown
 44511 | Zot:5    | Killed a Killer Klown
 44526 | Zot:5    | Noticed a Killer Klown
 44530 | Zot:5    | Noticed a Killer Klown
 44530 | Zot:5    | Noticed a Killer Klown
 44648 | Zot:5    | Killed a Killer Klown
 44648 | Zot:5    | Received a gift from Okawaru
 44652 | Zot:5    | Noticed a dread lich
 44663 | Zot:4    | Killed a Killer Klown
 44690 | Zot:5    | Killed a dread lich
 44788 | Zot:5    | Identified the +2 cloak "Jeapp" {-Cast *Corrode rElec
                  | Str+7} (Okawaru gifted it to you on level 5 of the Realm of
                  | Zot)
 44788 | Zot:5    | Received a gift from Okawaru
 44807 | Zot:5    | Gained mutation: You are agile. (Dex +4, Str/Int -1)
                  | [hidden potential]
 44807 | Zot:5    | Lost mutation: You have great hidden genetic potential.
                  | [hidden potential expressed]
 44991 | Zot:5    | Noticed a Killer Klown
 45003 | Zot:5    | Killed a Killer Klown
 45192 | Zot:5    | Got the Orb of Zot
 45542 | D:15     | Noticed Huleody the pandemonium lord
 46049 | D:$      | Escaped with the Orb!

Illustrated notes

Levels and vault maps discovered:
D:1:      lemuel_arrival_hallway, layout_loops_corners, serial_shops, shop,
          minivault_19
D:2:      layout_basic, minmay_misc_feat_secret_circle
D:3:      layout_basic, nicolae_gozag_zags_fifth_avenue, serial_corexii_hall,
          chequers_hall_statues_wall_a, chequers_hall_statues_corner_a,
          portal_sewer_entry_a, kennysheep_doodads, kennysheep_generic_room_8
D:4:      layout_rooms, dk_rats_in_the_wall, uniq_eustachio
D:5:      layout_loops_ring, nicolae_yredelemnul_corpse_copse,
          minmay_temple_entry_glass, uniq_pikel
D:6:      layout_loops_cross, mainiacjoe_overflow_tiny_flanked
D:7:      layout_layer_cave
D:8:      layout_cave_pools, minmay_manual_monstrance
D:9:      layout_gridville, general_overflow_altar, orc_0_dummy, serial_shops,
          shop
D:10:     layout_basic, serial_shops, shop_fountains
D:11:     layout_stronghold, minmay_lair_entry_grove, uniq_gastronok,
          uniq_maurice
D:12:     lemuel_troll_bridge, layout_rooms, dk_noncrumbling_2,
          makhleb_altar_promises_db, uniq_erolcha
D:13:     layout_basic, ximxim_vaults_locker_room, serial_shops,
          nicolae_shop_rolled_up, uniq_azrael, uniq_lodul
D:14:     layout_grid_maze, chequers_jeans, ebering_dispersal_statue_hall
D:15:     gammafunk_depths_entry_grave, layout_loops_cross, uniq_rupert
Temple:   dpeg_three_leaves_temple
Lair:1:   layout_gridlike, st_stairs_9, lemuel_fruit_fields,
          infiniplex_staircase_pool
Lair:2:   layout_gridlike, nicolae_spider_entry_non_spiders, enter_volcano_1,
          uniq_harold
Lair:3:   layout_chaotic_city, minmay_shoals_entry_hut, kilobyte_rumbling_trees,
          grunt_megastairs_1, serial_bayou_shore_a, uniq_fannar
Lair:4:   layout_long_grid, slime_entry_1, serial_bayou_shore_b,
          grunt_megastairs_3
Lair:5:   minmay_lair_end_enchanted_forest, layout_layer_cave
Shoals:1: layout_shoals, lemuel_altar_in_water
Shoals:2: layout_shoals, serial_shops, shop, shop, nicolae_diamond_shop,
          hangedman_shoal_volcano
Shoals:3: layout_shoals, st_sunken_temple, uniq_kirke, uniq_ilsuiw, uniq_mara
Shoals:4: shoals_end_grunt_garden, layout_shoals, serial_shops, bzr_entry_safe
Spider:1: layout_spider_delve, uniq_louise
Spider:2: layout_spider_delve, gammafunk_ghost_arena
Spider:3: layout_chambers, nicolae_spider_cling_halls
Spider:4: grunt_spider_rune_circles, nicolae_spider_undead_wolf_pack
Orc:1:    layout_diamond_mine, uniq_sonja, uniq_snorg, uniq_josephine
Orc:2:    pf_orc_diabolical, layout_caves, uniq_saint_roka
Vaults:1: mu_enter_wizlab_5, v_rooms_6, v_pattern_2,
          nicolae_vaults_variable_pillar_hall, nicolae_vaults_shelves_hall,
          nicolae_vaults_trapezoid_lopsided_2, nicolae_vaults_more_shelving_1,
          ontoclasm_vaults_pinch, st_hourglassy, v_rooms_4,
          dpeg_vaults_monster_box, nicolae_vaults_stepped_doors,
          nicolae_vaults_tetromino_Z_1, nicolae_vaults_big_angled_halls,
          nicolae_vaults_layer_cake_slice, layout_vaults_omnibox
Vaults:2: nicolae_vaults_meiosis, minmay_crypt_entry_simple_box,
          hangedman_vaults_river_flow, v_misc_27,
          nicolae_vaults_border_crossing, grunt_vaults_focal,
          ontoclasm_vaults_bender, nicolae_vaults_door_testing_chamber,
          ontoclasm_vaults_chip, grunt_vaults_hallway_short,
          vaults_dpeg_emergency_exit, layout_vaults_chaotic_city, serial_shops,
          shop_statue, uniq_boris, uniq_jory
Vaults:3: v_rooms_1, nicolae_vaults_apartment_1, v_misc_26,
          nicolae_vaults_mush_room, nicolae_vaults_wine_cellar,
          nicolae_vaults_tetromino_L_2, ontoclasm_vaults_decontamination,
          vaults_room_large_hall, nicolae_vaults_sesquioval_fish,
          nicolae_vaults_house_1, nicolae_vaults_network_quinsquares
          [nicolae_vaults_network_quincunx_subvault,
          nicolae_vaults_network_quincunx_subvault,
          nicolae_vaults_network_quincunx_subvault,
          nicolae_vaults_network_quincunx_subvault], v_misc_2,
          layout_vaults_omnicross, serial_shops, bzr_entry_water
Vaults:4: vaults_standard_mumra_enter_the_diamond, v_pattern_1,
          vaults_mumra_chevron, layout_vaults_omnigrid
Depths:1: layout_gridville, enter_ziggurat_b, grunt_hell_entry_dis_mu,
          minmay_misc_feat_tower, nicolae_trove_entry_free_sample, abyss_entry,
          pan_entry, nemelex_spade_bored_becter, uniq_sojobo
Depths:2: grunt_bent_corner, layout_cave_pools, abyss_entry,
          rand_demon_pan_entry_5, grunt_decor_mini_mirrors, hell_entry,
          hangedman_decor_push, uniq_enchantress
Depths:3: nicolae_legendary_halls, layout_gridlike,
          minmay_staircase_windowed_large, pf_coc_iceberg, abyss_entry
Depths:4: evilmike_zot_entry_argh, layout_cave_shapes, serial_shops, shop,
          pf_hell_entry_tar_spiral, abyss_entry, uniq_parghit, uniq_josephina,
          uniq_vv, uniq_margery
Zot:1:    layout_misc_corridors, uniq_grunn
Zot:2:    layout_basic
Zot:3:    layout_gridlike, grunt_ministairs_2
Zot:4:    layout_concentric_octagons
Zot:5:    layout_misc_corridors, ebering_ghost_inner_flame

Skill      XL: |  1  2  3  4  5  6  7  8  9 10 11 12 13 14 15 16 17 18 19 20 21 22 23 24 25 26 27 |
---------------+----------------------------------------------------------------------------------+-----
Axes           | 3 4 5 7 8 9 10 11 13 14 15 17 18 19 20 21 22 23 24 | 24.0
Fighting       | 6 8 10 12 13 14 15 16 17 18 19 20 | 20.6
Invocations    | 1 4 6 8 |  8.0
Armour         | 3 7 8 10 12 13 14 15 16 | 16.8
Shields        | 8 11 12 14 15 16 17 18 19 20 21 | 21.6
Dodging        | 2 5 6 7 8 9 10 12 | 12.1
Evocations     | 5 7 9 10 12 | 12.9
Stealth        | 15 | 15.0
Throwing       | 6 10 15 19 | 19.0

Action                     |  1- 3 |  4- 6 |  7- 9 | 10-12 | 13-15 | 16-18 | 19-21 | 22-24 | 25-27 || total
---------------------------+-------+-------+-------+-------+-------+-------+-------+-------+-------++-------
  Melee: Hand axe          |    32 |   110 |       |       |       |       |       |       |       ||   142
         Punch             |     1 |     4 |     6 |     5 |       |       |       |       |       ||    16
         Flail             |       |   137 |    14 |       |       |       |       |       |       ||   151
         War axe           |       |       |   214 |       |       |       |       |       |       ||   214
         Morningstar       |       |       |    49 |       |       |       |       |       |       ||    49
         Executioner's axe |       |       |    28 |   308 |   634 |   809 |  1013 |  1038 |   879 ||  4709
  Throw: Javelin           |       |       |       |       |       |       |       |       |    43 ||    43
 Invoke: Heroism           |       |       |       |     8 |    10 |     6 |    17 |     8 |    10 ||    59
         Finesse           |       |       |       |       |       |     2 |     2 |     4 |     3 ||    11
Ability: Dig               |       |       |     1 |       |       |     1 |       |     3 |     2 ||     7
  Evoke: Wand              |     5 |       |     9 |     9 |       |    12 |     2 |     7 |     3 ||    47
         Lightning rod     |       |       |       |       |       |       |       |     4 |     4 ||     8
         Condenser vane    |       |       |       |       |       |       |       |     1 |       ||     1
    Use: Scroll            |     1 |    10 |     7 |     8 |     7 |     5 |     8 |     8 |     6 ||    60
         Potion            |       |       |     2 |       |     2 |       |     4 |    10 |    17 ||    35
   Stab: Sleeping          |     2 |     5 |       |       |       |     1 |     3 |     7 |     2 ||    20
         Distracted        |       |     1 |       |       |       |     2 |     1 |     2 |     2 ||     8
         Held in net/web   |       |       |       |       |       |     3 |       |       |       ||     3
         Invisible         |       |       |       |       |       |       |     8 |       |    10 ||    18
         Confused          |       |       |       |       |       |       |       |     2 |     1 ||     3
 Armour: Leather armour    |    14 |       |       |       |       |       |       |       |       ||    14
         Ring mail         |       |    71 |       |       |       |       |       |       |       ||    71
         Plate armour      |       |    85 |   207 |   202 |   227 |   375 |   331 |   239 |   156 ||  1822
         Storm dragon scal |       |       |       |       |       |       |       |       |     2 ||     2
  Dodge: Dodged            |    21 |   146 |   133 |   118 |   124 |   290 |   265 |   272 |   370 ||  1739
  Block: Tower shield      |       |       |       |   112 |   744 |  1192 |  1070 |   850 |   835 ||  4803

Table legend: (Time is in decaauts)
 A = Elapsed time spent in this place.
 B = Non-inter-level travel time spent in this place.
 C = Inter-level travel time spent in this place.
 D = Time resting spent in this place.
 E = Time spent auto-exploring this place.
 F = Levels seen in this place.
 G = Mean time per level.
                   A        B        C        D        E       F      G
               +--------+--------+--------+--------+--------+-----+--------+
         Total |  45682 |  42474 |   3208 |   3600 |  25020 |  51 |  895.7 |
       Dungeon |  14558 |  12823 |   1735 |    955 |   8234 |  15 |  970.5 |
        Temple |     16 |      9 |      7 |      0 |      0 |   1 |   16.0 |
          Lair |   5081 |   4676 |    405 |     20 |   3401 |   5 | 1016.2 |
        Shoals |   3634 |   3447 |    187 |    414 |   1932 |   4 |  908.5 |
   Spider Nest |   3640 |   3467 |    173 |    234 |   2116 |   4 |  910.0 |
  Orcish Mines |   1324 |   1262 |     62 |     86 |    812 |   2 |  662.0 |
        Vaults |   5120 |   4981 |    139 |    300 |   3370 |   4 | 1280.0 |
        Depths |   5077 |   4766 |    311 |    779 |   2414 |   4 | 1269.2 |
           Zot |   5211 |   5026 |    185 |    738 |   2549 |   5 | 1042.2 |
         Abyss |   1293 |   1293 |      0 |     30 |     52 |   4 |  323.2 |
        Bazaar |    286 |    286 |      0 |      0 |    138 |   2 |  143.0 |
       Volcano |    437 |    437 |      0 |     43 |      0 |   1 |  437.0 |
               +--------+--------+--------+--------+--------+-----+--------+

Top non-repeatable levels by time:
     D:3: 1655 daAuts
Vaults:1: 1648 daAuts
    D:11: 1611 daAuts
Spider:3: 1386 daAuts
Depths:2: 1368 daAuts
  Lair:5: 1359 daAuts
Vaults:2: 1328 daAuts
Depths:1: 1286 daAuts
Depths:3: 1269 daAuts
   Zot:2: 1209 daAuts
     D:7: 1203 daAuts
Shoals:3: 1171 daAuts
   Zot:4: 1158 daAuts
Depths:4: 1153 daAuts
     D:5: 1127 daAuts
